 Dungeon Crawl Stone Soup version 0.19.0-2-gae57169 (webtiles) character file.

44524 sleepydude the Blocker (level 13, 0/123 HPs)
             Began as a Deep Dwarf Fighter on Nov 5, 2016.
             Was the Champion of Makhleb.
             Slain by a dire elephant (76 damage)
             ... on level 6 of the Lair of Beasts.
             The game lasted 00:52:26 (14553 turns).

sleepydude the Blocker (Deep Dwarf Fighter)        Turns: 14553, Time: 00:52:27

Health: 0/123      AC: 21    Str: 30    XL:     13   Next: 96%
Magic:  7/7        EV: 19    Int:  9    God:    Makhleb [******]
Gold:   771        SH: 14    Dex: 15    Spells: 0 memorised, 12 levels left

rFire  . . .     SeeInvis .     r - +2 whip (elec)
rCold  . . .     Gourm    .     u - +0 chain mail
rNeg   . . .     Faith    .     c - +0 shield
rPois  .         Spirit   .     y - +1 helmet
rElec  .         Reflect  .     i - +0 cloak
rCorr  .         Harm     .     x - +2 pair of gloves {archery}
MR     +....                    N - +0 pair of boots
Stlth  ..........               (no amulet)
                                k - +3 ring of dexterity
                                d - +3 ring of evasion

@: mighty, non-regenerating, studying Dodging
A: damage resistance, recharge devices, sense surroundings 2, slow regeneration
3
a: Device Recharging, Minor Destruction, Lesser Servant of Makhleb, Major
Destruction, Greater Servant of Makhleb, Renounce Religion


You were on level 6 of the Lair of Beasts.
You worshipped Makhleb.
Makhleb was exalted by your worship.
You were very full.

You visited 3 branches of the dungeon, and saw 17 of its levels.
You also visited: Ice Cave.

You collected 1050 gold pieces.
You spent 279 gold pieces at shops.

Inventory:

Hand Weapons
 a - a +1 flail of crushing
 r - a +2 whip of electrocution (weapon)
 H - a +5 dire flail of protection
Armour
 c - a +0 shield (worn)
 h - a +0 plate armour
 i - a +0 cloak (worn)
 j - a +0 hat of see invisible
 u - a +0 chain mail (worn)
 x - a +2 pair of gloves of archery (worn)
 y - a +1 helmet (worn)
 N - a +0 pair of boots (worn)
Jewellery
 d - a +3 ring of evasion (left hand)
 k - a +3 ring of dexterity (right hand)
 p - an uncursed ring of poison resistance
 q - an uncursed ring of flight
 D - an uncursed ring of flight
 I - an uncursed ring of protection from magic {unknown}
 Q - an uncursed ring of protection from fire
Wands
 b - a wand of lightning (6/15)
 e - a wand of heal wounds (0/9)
 G - a wand of digging (10/24)
 R - a wand of lightning (6/15)
 S - a wand of acid (8/15)
 T - a wand of polymorph (10/24)
Scrolls
 g - 7 scrolls of identify {@r1}
 m - 2 scrolls of magic mapping
 B - a scroll of recharging
 E - 2 scrolls of fog
 F - 8 scrolls of enchant weapon
 J - 2 scrolls of fear
 L - a scroll of teleportation
 O - 4 scrolls of amnesia
 P - 5 scrolls of enchant armour
Potions
 o - 4 potions of flight
 s - a potion of lignification {unknown}
 v - a potion of invisibility
 w - 3 potions of heal wounds
 z - a potion of might
 C - 2 potions of brilliance
 K - 3 potions of curing {@q1}
 V - a potion of cancellation
 W - a potion of cure mutation
Books
 A - a book of Geomancy

   Spells                             Type                      Level
   a - Sandblast                      Earth                        1
   b - Passwall                       Transmutation/Earth          2
   c - Stone Arrow                    Conjuration/Earth            3
   d - Petrify                        Transmutation/Earth          4
   e - Lee's Rapid Deconstruction     Earth                        5
 M - a manual of Dodging
Comestibles
 f - 9 bread rations
 l - 9 meat rations
 n - 18 fruits
 X - 12 royal jellies


   Skills:
 + Level 10.0 Fighting
 + Level 11.6 Maces & Flails
 + Level 12.1 Armour
 + Level 11.5 Dodging
 - Level 1.5 Stealth
 + Level 12.9 Shields
 - Level 0.6 Evocations


You had 12 spell levels left.
You didn't know any spells.

Dungeon Overview and Level Annotations

Branches:
Dungeon (10/15)            Temple (1/1) D:7            Lair (6/6) D:10
 Shoals (0/4) Lair:2       Spider (0/4) Lair:2        Slime (0/5) Lair:5
    Orc (0/2) D:10

Altars:
Ashenzari
Cheibriados
Dithmenos
Fedhas
Gozag
Hepliaklqana
Kikubaaqudgha
Makhleb
Nemelex Xobeh
Okawaru
Qazlal
Ru
Sif Muna
Trog
Vehumet
Yredelemnul
Zin
The Shining One
Jiyva

Shops:
D:4 [   D:5 *   D:10 [

Annotations:
D:6 exclusion: oklob plant


Innate Abilities, Weirdness & Mutations

You are resistant to damage.
You can recharge devices by infusing magical energy.
You passively map the area around you.
You do not regenerate.


Message History

You hit the dire elephant but do no damage.
The dire elephant is heavily wounded.
The dream sheep completely misses you.
You hit the dire elephant but do no damage.
There is a sudden explosion of sparks!
The dire elephant is severely wounded.
The dire elephant barely misses you. You block the dire elephant's attack.
You barely miss the dire elephant.
The dire elephant is severely wounded.
You block the dream sheep's attack. The dream sheep bites you.
You whack the dire elephant!
There is a sudden explosion of sparks!
The dire elephant is almost dead.
The dire elephant misses you. The dire elephant trunk-slaps you.
You hit the dire elephant but do no damage.
The dire elephant is almost dead.
The dream sheep shake their wool and sparkle.
You feel drowsy...
You fall asleep.
The dream sheep barely misses you. x2
The dire elephant tramples you!!!!
You wake up.
Ouch! That really hurt!
You die...

......................##.###...#.
.....................^...P##.###.
.....................)...##### #.
...................#....## #.
........................# ##
.....................#..# #
...............Y....##..## ##
...............YY..P#....## #.
..............YY@..PP.....# ##
...........(...Y.........## ###.
..........................####.#P
[......................P##..##...
......................P..#.......
....................PPP...P.P#...
...........................P.###.
.............................###.
.............................##..


You could see a dire elephant and 5 dream sheep.

Vanquished Creatures
  Gastronok (Lair:3)
  4 dire elephants (Lair:6)
  Harold (D:10)
  5 hydras
  An anaconda (Lair:6)
  Erica (D:10)
  A queen ant (Lair:3)
  3 death yaks (D:10)
  Nergalle (D:10)
  Pikel (D:4)
  2 ugly things
  A siren (Lair:2)
  9 elephants
  A black mamba (Lair:1)
  8 spiny frogs
  An efreet (D:10)
  2 komodo dragons
  4 rime drakes
  A merfolk (Lair:2)
  A polar bear (Lair:5)
  A troll (D:10)
  2 queen bees
  18 blink frogs
  4 hippogriffs
  4 dream sheep (Lair:6)
  A redback (Lair:2)
  23 yaks
  2 basilisks
  A hungry ghost (D:10)
  Edmund (D:5)
  A mottled dragon (D:10)
  3 wargs
  9 soldier ants (Lair:3)
  The ghost of swillhouse the Conjurer, an amateur HECj (D:4)
  10 water moccasins
  The ghost of Millea the Gusty, an amateur TeAE (D:3)
  2 porcupines
  8 ice beasts
  4 orc warriors
  A black bear (D:10)
  2 necrophages
  A sky beast (D:5)
  9 ogres
  2 phantoms
  A centaur (D:10)
  6 wolves (Lair:1)
  6 crocodiles
  A big kobold (D:8)
  16 bullfrogs
  A scorpion (D:7)
  5 jellies (D:6)
  4 wights (D:9)
  39 killer bees
  3 howler monkeys
  4 crimson imps
  9 hounds
  A bullfrog zombie (D:10)
  6 orc priests
  A quasit (D:8)
  12 orc wizards
  3 centaur skeletons
  3 iguanas
  6 hell rats (Lair:5)
  17 worker ants
  2 hound skeletons
  A howler monkey zombie (D:9)
  16 river rats (Lair:5)
  15 adders
  5 shadow imps
  17 oozes
  2 adder skeletons
  2 worms
  11 leopard geckos
  47 orcs
  4 ball pythons
  7 bats
  7 giant cockroaches
  4 goblins
  8 hobgoblins
  8 jackals
  3 quokkas
  A frilled lizard (D:4)
  11 kobolds
  23 rats
  A butterfly (Lair:3)
  2 plants (Lair:6)
501 creatures vanquished.

Vanquished Creatures (others)
  An ogre mage (D:10)
  An unseen horror (D:10)
  2 crimson imps (D:5)
  A hound (D:5)
  An iguana (D:5)
  2 orc wizards
  4 orcs (D:5)
  8 fungi
  4 plants (Lair:6)
24 creatures vanquished.

Grand Total: 525 creatures vanquished

Notes
Turn   | Place    | Note
-------+----------+-------------------------------------------
     0 | D:1      | sleepydude the Deep Dwarf Fighter began the quest for the Orb.
     0 | D:1      | Reached XP level 1. HP: 20/20 MP: 1/1
    53 | D:1      | Reached XP level 2. HP: 24/27 MP: 2/2
   407 | D:2      | Reached skill level 1 in Dodging
   503 | D:2      | Reached XP level 3. HP: 29/33 MP: 3/3
   794 | D:2      | Reached XP level 4. HP: 26/42 MP: 4/4
  1469 | D:3      | Noticed Millea's ghost (amateur TeAE)
  1486 | D:3      | Reached XP level 5. HP: 28/49 MP: 5/5
  1492 | D:3      | Killed Millea's ghost
  1717 | D:4      | Reached XP level 6. HP: 51/57 MP: 6/6
  1826 | D:4      | Reached skill level 5 in Armour
  1886 | D:4      | Noticed swillhouse's ghost (amateur HECj)
  1891 | D:4      | Killed swillhouse's ghost
  1891 | D:4      | Reached XP level 7. HP: 44/64 MP: 5/5
  1986 | D:4      | Reached skill level 5 in Shields
  2060 | D:4      | Found Oreq's Antique Armour Boutique.
  2630 | D:5      | Entered Level 5 of the Dungeon
  2638 | D:5      | Noticed Pikel
  2673 | D:4      | Killed Pikel
  2673 | D:4      | Reached XP level 8. HP: 64/73 MP: 6/6
  2683 | D:4      | Reached skill level 5 in Fighting
  2778 | D:5      | Reached skill level 5 in Dodging
  2822 | D:5      | Found Vaenejoh's Assorted Antiques.
  2916 | D:5      | Reached skill level 5 in Maces & Flails
  2998 | D:5      | Noticed Edmund
  3022 | D:5      | Killed Edmund
  3338 | D:6      | Gained mutation: You passively map the area around you. [Deep Dwarf growth]
  3338 | D:6      | Reached XP level 9. HP: 70/81 MP: 7/7
  3869 | D:6      | Noticed an oklob plant
  4615 | D:7      | Found a staircase to the Ecumenical Temple.
  4626 | Temple   | Entered the Ecumenical Temple
  4732 | Temple   | Became a worshipper of Makhleb the Destroyer
  5267 | D:8      | Reached * piety under Makhleb
  5358 | D:8      | Reached skill level 1 in Stealth
  5579 | D:8      | Reached XP level 10. HP: 82/91 MP: 7/7
  6184 | D:9      | Reached ** piety under Makhleb
  6893 | D:10     | Entered Level 10 of the Dungeon
  6966 | D:10     | Noticed Nergalle
  6967 | D:10     | Noticed Harold
  6979 | D:10     | Noticed a spectral orc warlord
  7009 | D:10     | Killed Nergalle
  7022 | D:10     | Killed Harold
  7071 | D:10     | Found a staircase to the Lair.
  7137 | D:9      | Reached XP level 11. HP: 57/99 MP: 8/8
  7274 | D:10     | Reached *** piety under Makhleb
  7320 | D:10     | Killed an unseen horror
  7336 | D:10     | Reached skill level 10 in Shields
  7338 | D:10     | Noticed an ogre mage
  7358 | D:10     | Killed an ogre mage
  7491 | D:10     | Found Giarhog's Armour Emporium.
  7491 | D:10     | Found a staircase to the Orcish Mines.
  7555 | D:10     | Bought a +2 pair of gloves of archery for 279 gold pieces
  7575 | D:10     | Noticed a green ugly thing
  7601 | D:10     | Killed a green ugly thing
  7805 | D:10     | Noticed Erica
  7814 | D:10     | Killed Erica
  8079 | Lair:1   | Entered Level 1 of the Lair of Beasts
  8310 | Lair:1   | Noticed a death yak
  8312 | Lair:1   | Noticed a death yak
  8334 | Lair:1   | Noticed a death yak
  8364 | D:10     | Killed a death yak
  8389 | D:10     | Killed a death yak
  8415 | D:10     | Killed a death yak
  8667 | Lair:1   | Reached **** piety under Makhleb
  8777 | Lair:1   | Reached XP level 12. HP: 110/110 MP: 7/7
  9231 | Lair:2   | Reached ***** piety under Makhleb
  9289 | Lair:2   | Found a hole to the Spider Nest.
  9528 | Lair:2   | Reached skill level 10 in Maces & Flails
  9571 | Lair:2   | Reached skill level 10 in Armour
  9968 | Lair:2   | Found a staircase to the Shoals.
 10111 | Lair:3   | Noticed a four-headed hydra
 10123 | Lair:3   | Killed a four-headed hydra
 10242 | Lair:3   | Noticed a six-headed hydra
 10259 | Lair:3   | Killed a six-headed hydra
 10370 | Lair:3   | Noticed a four-headed hydra
 10381 | Lair:3   | Killed a four-headed hydra
 10471 | Lair:3   | Noticed a queen ant
 10493 | Lair:3   | Reached skill level 10 in Dodging
 10512 | Lair:3   | Killed a queen ant
 10539 | Lair:3   | Noticed Gastronok
 10623 | Lair:3   | Killed Gastronok
 11105 | Lair:4   | Reached XP level 13. HP: 121/121 MP: 8/8
 11679 | Lair:4   | Found a frozen archway.
 11698 | IceCv    | Entered an ice cave
 11770 | IceCv    | Noticed JerBear56's ghost (journeyman GrBe)
 12421 | Lair:5   | Found a viscous altar of Jiyva.
 12421 | Lair:5   | Found a staircase to the Slime Pits.
 12786 | Lair:5   | Reached ****** piety under Makhleb
 13056 | Lair:6   | Entered Level 6 of the Lair of Beasts
 13570 | Lair:6   | Found an ancient bone altar of Kikubaaqudgha.
 14261 | Lair:6   | Noticed a dire elephant
 14261 | Lair:6   | Noticed a dire elephant
 14294 | Lair:6   | Killed a dire elephant
 14311 | Lair:6   | Noticed a dire elephant
 14313 | Lair:6   | Killed a dire elephant
 14333 | Lair:6   | Killed a dire elephant
 14377 | Lair:6   | Identified Kuqiasog's Compendium of Evil Air
 14408 | Lair:6   | Noticed a dire elephant
 14426 | Lair:6   | Killed a dire elephant
 14426 | Lair:6   | Reached skill level 10 in Fighting
 14538 | Lair:6   | Noticed a dire elephant
 14553 | Lair:6   | Slain by a dire elephant

Skill      XL: |  1  2  3  4  5  6  7  8  9 10 11 12 13 |
---------------+----------------------------------------+-----
Dodging        | 1 2 3 4 5 6 7 9 10 11 | 11.5
Fighting       | 3 4 5 6 7 9 10 | 10.0
Armour         | 4 5 6 7 8 9 11 12 | 12.1
Shields        | 4 5 6 8 9 11 12 | 12.9
Maces & Flails | 3 4 5 7 8 9 10 11 | 11.6
Stealth        | 1 |  1.5
Evocations     | |  0.6

Action                   |  1- 3 |  4- 6 |  7- 9 | 10-12 | 13-15 || total
-------------------------+-------+-------+-------+-------+-------++-------
Melee: Flail             |   110 |   175 |   102 |       |       ||   387
       Whip              |       |       |   489 |  1266 |   761 ||  2516
Invok: Lesser Servant of |       |       |       |       |     1 ||     1
 Abil: Device Recharging |       |     2 |     1 |     2 |     1 ||     6
Evoke: Wand              |       |     9 |    10 |     6 |    10 ||    35
  Use: Potion            |       |     2 |       |     9 |     2 ||    13
       Scroll            |       |       |     9 |     7 |     1 ||    17
  Eat: Chunk             |       |     4 |    11 |     9 |     1 ||    25
       Pizza             |       |       |     1 |     1 |     1 ||     3
       Beef jerky        |       |       |       |     4 |     1 ||     5
       Royal jelly       |       |       |       |     5 |     5 ||    10
Armor: Scale mail        |   114 |   123 |   175 |    33 |       ||   445
       Chain mail        |       |       |       |   226 |   206 ||   432
Dodge: Dodged            |    90 |   115 |   256 |   502 |   378 ||  1341
Block: Shield            |   104 |   135 |   323 |   594 |   422 ||  1578
